 Dungeon Crawl Stone Soup version 0.31-a0-716-gc7603755dd (webtiles) character file.

Game seed: 5782153316149611246

670533 ceneti the Slayer (level 27, -4/271 HPs)
             Began as a Minotaur Fighter on Sept 9, 2023.
             Was the Champion of Okawaru.
             Killed from afar by an Ice Fiend (7 damage)
             ... with a bolt of cold
             ... while petrified by a nargun
             ... on level 6 of a ziggurat on Sept 10, 2023.
             The game lasted 02:39:20 (58241 turns).

ceneti the Slayer (Minotaur Fighter)               Turns: 58241, Time: 02:39:20

Health: -4/271     AC: 47    Str: 30      XL:     27
Magic:  22/22      EV:  2    Int:  5 (6)  God:    Okawaru [******]
Gold:   6166       SH:  0    Dex: 18      Spells: 26/26 levels left

rFire   + . .        w - +9 broad axe (elec)
rCold   + + .        P - +3 buckler {AC+3}
rNeg    + + +        K - +5 plate armour {rF+}
rPois   ∞            a - +0 hat "Huckov" {rC- Will+ Int+3 Slay+6}
rElec   +            Y - +3 cloak "Qangig" {rC+ rN+ Will+ Slay+2}
rCorr   +            H - +2 pair of gloves of Oreck {rPois Dex+7}
SInv    .            I - +2 pair of slick slippers {slick, slippery, EV+4}
Will    ++...        h - amulet of regeneration Stlth
                     d - ring of the Establishment {rElec rCorr AC+4}
HPRegen 2.25/turn    e - ring "Echiqeit" {rPois rC++ EV+5}
MPRegen 0.18/turn

%: no passive effects
@: petrified, weak-willed, studying 3 skills
A: horns 2, retaliatory headbutt, iridescent scales 1, clumsy 2, deterioration
1, dopey 1, poison resistance, regeneration 1, screaming 1, subdued magic 1,
inability to drink after injury 1
}: 4/15 runes: decaying, serpentine, slimy, silver
a: Renounce Religion, Heroism, Finesse, Duel


You were on level 6 of a ziggurat.
You worshipped Okawaru.
Okawaru was exalted by your worship.
You visited 12 branches of the dungeon, and saw 56 of its levels.
You visited the Abyss 2 times.
You visited 1 bazaar.
You visited 1 ziggurat, and saw 6 of its levels.
You also visited: Gauntlet, Ice Cave, Wizlab and Desolation.

You collected 10627 gold pieces.
You spent 4461 gold pieces at shops.

Inventory:

Hand Weapons
 u - the +18 lance "Wyrmbane" {slay drac, rPois rF+ rC+ AC+3}
   (You found it on level 5 of the Vaults)

   AC+3:      It affects your AC (+3).
   rF+:       It protects you from fire.
   rC+:       It protects you from cold.
   rPois:     It protects you from poison
 w - a +9 broad axe of electrocution (weapon)
 Z - a +9 broad axe of holy wrath
Armour
 a - the +0 hat "Huckov" (worn) {rC- Will+ Int+3 Slay+6}
   (Okawaru gifted it to you on level 5 of the Realm of Zot)

   Int+3:     It affects your intelligence (+3).
   Slay+6:    It affects your accuracy & damage with ranged weapons and melee
   (+6).
   rC-:       It makes you vulnerable to cold.
   Will+:     It increases your willpower.
 p - the +4 dragonskin cloak
   (You took it off Tiamat on level 4 of the Realm of Zot)

   Avatar's Aegis: It grants the wearer a chance to resist fire, cold, poison,
   electricity, acid, and negative energy.
 r - the +0 pair of boots of Astof {*Corrode rPois rF++ rN+}
   (Okawaru gifted it to you on level 4 of the Swamp)

   rF++:      It greatly protects you from fire.
   rPois:     It protects you from poison rN+: It protects you from negative
   energy.
   *Corrode:  It may corrode you when you take damage.
 G - a +2 cloak of preservation
 H - the +2 pair of gloves of Oreck (worn) {rPois Dex+7}
   (Okawaru gifted it to you on level 12 of the Dungeon)

   Dex+7:     It affects your dexterity (+7).
   rPois:     It protects you from poison
 I - the +2 pair of slick slippers (worn) {slick, slippery, EV+4}
   (Okawaru gifted it to you on level 2 of the Orcish Mines)

   Slick:     Its wearer cannot be constricted, engulfed, netted or webbed.
   Slippery:  Its wearer slips away from damaging melee attacks, pulling the
   attacker onward.
   EV+4:      It affects your evasion (+4).
 K - a +5 plate armour of fire resistance (worn)
 O - a +0 buckler of cold resistance
 P - a +3 buckler of protection (worn)
 S - a +2 hat of intelligence
 Y - the +3 cloak "Qangig" (worn) {rC+ rN+ Will+ Slay+2}
   (You found it on level 4 of the Vaults)

   Slay+2:    It affects your accuracy & damage with ranged weapons and melee
   (+2).
   rC+:       It protects you from cold.
   rN+:       It protects you from negative energy.
   Will+:     It increases your willpower.
Jewellery
 d - the ring of the Establishment (left hand) {rElec rCorr AC+4}
   (You took it off a tengu reaver on level 4 of the Vaults)

   [ring of protection]

   AC+4:      It affects your AC (+4).
   rElec:     It insulates you from electricity.
   rCorr:     It protects you from acid and corrosion.
 e - the ring "Echiqeit" (right hand) {rPois rC++ EV+5}
   (You found it on level 5 of the Vaults)

   [ring of evasion]

   EV+5:      It affects your evasion (+5).
   rC++:      It greatly protects you from cold.
   rPois:     It protects you from poison
 h - an amulet of regeneration (around neck)
 o - a +6 ring of intelligence
 s - the ring of Cang {rN++ MP+9}
   (You found it on level 4 of a ziggurat)

   [ring of magical power]

   rN++:      It greatly protects you from negative energy.
   MP+9:      It affects your magic capacity (+9).
 y - the ring "Zoshris" {Fly rElec rPois rN++}
   (You found it on level 5 of the Vaults)

   [ring of flight]

   rElec:     It insulates you from electricity.
   rPois:     It protects you from poison rN++: It greatly protects you from
   negative energy.
   Fly:       It grants you flight.
 F - a ring of see invisible
 R - a +4 ring of protection
 V - the amulet "Qommeq" {Spirit rF+}
   (You found it in the Desolation of Salt)

   [amulet of guardian spirit]

   Spirit:    It causes incoming damage to be divided between your reserves of
   health and magic.
   rF+:       It protects you from fire.
 W - the amulet "Getsaif" {Spirit rC+ Int+2 Slay+3 SInv}
   (You found it in the Desolation of Salt)

   [amulet of guardian spirit]

   Spirit:    It causes incoming damage to be divided between your reserves of
   health and magic.
   Int+2:     It affects your intelligence (+2).
   Slay+3:    It affects your accuracy & damage with ranged weapons and melee
   (+3).
   rC+:       It protects you from cold.
   SInv:      It lets you see invisible.
Wands
 b - a wand of digging (37)
 i - a wand of acid (36)
Scrolls
 l - 9 scrolls of silence
 m - 11 scrolls of revelation
 n - 12 scrolls of blinking
 v - 7 scrolls of immolation
 x - a scroll of brand weapon
 A - 20 scrolls of teleportation
 B - 11 scrolls of fog
 D - a scroll of amnesia
 M - 3 scrolls of fear
Potions
 f - 10 potions of attraction
 g - 6 potions of cancellation
 j - 7 potions of enlightenment
 k - 10 potions of ambrosia
 q - a potion of might
 t - 23 potions of curing
 z - 9 potions of heal wounds
 C - 6 potions of magic
 L - 2 potions of invisibility
 T - 4 potions of haste
Miscellaneous
 c - a lightning rod (4/4)


   Skills:
 + Level 26.9 Fighting
 + Level 26.8 Axes
 + Level 26.9 Armour
 + Level 24.7 Dodging
 + Level 26.8 Shields


You had 26 spell levels left.
You didn't know any spells.
Your spell library contained the following spells:

 Spells                   Type           Power      Damage    Failure   Level
 Apportation              Tloc           0%         N/A       78%         1
 Foxfire                  Conj/Fire      0%         2x1d4     78%         1
 Magic Dart               Conj           0%         1d3       78%         1
 Necrotise                Necr           0%         1d4       78%         1
 Sandblast                Erth           0%         2d4       78%         1
 Shock                    Conj/Air       0%         1d3       78%         1
 Slow                     Hex            0%         N/A       78%         1
 Sting                    Tmut/Pois      0%         1d3       78%         1
 Blink                    Tloc           0%         N/A       89%         2
 Cigotuvi's Dreadful Rot  Necr/Pois/Air  0%         N/A       89%         2
 Ensorcelled Hibernation  Hex/Ice        0%         N/A       89%         2
 Jinxbite                 Hex            0%         N/A       89%         2
 Lesser Beckoning         Tloc           0%         N/A       89%         2
 Momentum Strike          Conj/Tloc      0%         3d8       89%         2
 Passwall                 Tmut/Erth      0%         N/A       89%         2
 Poisonous Vapours        Pois/Air       0%         N/A       89%         2
 Scorch                   Fire           0%         2d5       89%         2
 Searing Ray              Conj           0%         2d4       89%         2
 Static Discharge         Conj/Air       0%         2-2/arc   89%         2
 Sublimation of Blood     Necr           0%         N/A       89%         2
 Confusing Touch          Hex            0%         N/A       99%         3
 Dazzling Flash           Conj/Hex       0%         N/A       99%         3
 Frozen Ramparts          Ice            0%         1d1       99%         3
 Gell's Gravitas          Tloc           0%         N/A       99%         3
 Hailstorm                Conj/Ice       0%         3d3       99%         3
 Ignite Poison            Fire/Tmut/Pois 0%         N/A       99%         3
 Inner Flame              Hex/Fire       0%         N/A       99%         3
 Mephitic Cloud           Conj/Pois/Air  0%         N/A       99%         3
 Ozocubu's Armour         Ice            0%         N/A       99%         3
 Sigil of Binding         Hex            0%         N/A       99%         3
 Stone Arrow              Conj/Erth      0%         3d7       99%         3
 Swiftness                Air            0%         N/A       99%         3
 Teleport Other           Tloc           0%         N/A       99%         3
 Vampiric Draining        Necr           0%         2d6       99%         3
 Volatile Blastmotes      Fire/Tloc      0%         2d10      99%         3
 Airstrike                Air            0%         2d(0-16)  100%        4
 Anguish                  Hex/Necr       0%         N/A       100%        4
 Cause Fear               Hex            0%         N/A       100%        4
 Dimensional Bullseye     Hex/Tloc       0%         N/A       100%        4
 Dispel Undead            Necr           0%         3d6       100%        4
 Flame Wave               Conj/Fire      0%         2d4       100%        4
 Fulminant Prism          Conj/Hex       0%         3d5       100%        4
 Iskenderun's Mystic Bla  Conj/Tloc      0%         2d3       100%        4
 Leda's Liquefaction      Hex/Erth       0%         N/A       100%        4
 Manifold Assault         Tloc           0%         N/A       100%        4
 Olgreb's Toxic Radiance  Pois           0%         N/A       100%        4
 Passage of Golubria      Tloc           0%         N/A       100%        4
 Petrify                  Tmut/Erth      0%         N/A       100%        4
 Sticky Flame             Conj/Fire      0%         2d3       100%        4
 Vhi's Electric Charge    Tloc/Air       0%         N/A       100%        4
 Agony                    Necr           0%         N/A       100%        5
 Alistair's Intoxication  Tmut/Pois      0%         N/A       100%        5
 Arcjolt                  Conj/Air       0%         1d10      100%        5
 Borgnjor's Vile Clutch   Necr/Erth      0%         N/A       100%        5
 Fireball                 Conj/Fire      0%         3d3       100%        5
 Freezing Cloud           Conj/Ice/Air   0%         6-21      100%        5
 Irradiate                Conj/Tmut      0%         3d11      100%        5
 Metabolic Englaciation   Hex/Ice        0%         N/A       100%        5
 Silence                  Hex/Air        0%         N/A       100%        5
 Conjure Ball Lightning   Conj/Air       0%         3x3d6     100%        6
 Dispersal                Tloc           0%         N/A       100%        6
 Eringya's Noxious Bog    Tmut/Pois      0%         4d6       100%        6
 Leda's Unmaking          Conj/Erth      0%         9d1       100%        6
 Plasma Beam              Fire/Air       0%         2x1d10    100%        6
 Starburst                Conj/Fire      0%         6d3       100%        6
 Enfeeble                 Hex            0%         N/A       100%        7
 Orb of Destruction       Conj           0%         9d5       100%        7
 Ozocubu's Refrigeration  Ice            0%         4d7       100%        7
 Discord                  Hex            0%         N/A       100%        8
 Disjunction              Tloc           0%         N/A       100%        8
 Ignition                 Fire           0%         3d3       100%        8
 Lehudib's Crystal Spear  Conj/Erth      0%         10d2      100%        8
 Maxwell's Capacitive Co  Air            0%         ∞         100%        8
 Call Canine Familiar     Summ           Unusable   N/A       N/A         3
 Summon Guardian Golem    Hex/Summ       Unusable   N/A       N/A         3
 Death Channel            Necr           Unusable   N/A       N/A         6
 Spellforged Servitor     Conj/Summ      Unusable   N/A       N/A         7
 Dragon's Call            Summ           Unusable   N/A       N/A         9

Dungeon Overview and Level Annotations

Branches:
Dungeon (15/15)            Temple (1/1) D:6            Lair (5/5) D:10
  Swamp (4/4) Lair:3        Snake (4/4) Lair:3        Slime (5/5) Lair:4
    Orc (2/2) D:12            Elf (3/3) Orc:2        Vaults (5/5) D:13
  Crypt (3/3) Vaults:3       Tomb (0/3) Crypt:3      Depths (4/4) D:15
    Zot (5/5) Depths:4      IceCv (visited)          WizLab (visited)
Desolation (visited)      Gauntlet (visited)

Altars:
Ashenzari
Cheibriados
Dithmenos
Elyvilon
Fedhas
Gozag
Hepliaklqana
Kikubaaqudgha
Makhleb
Nemelex Xobeh
Okawaru
Qazlal
Ru
Sif Muna
Trog
Uskayaw
Vehumet
Wu Jian
Xom
Yredelemnul
Zin
The Shining One
Jiyva

Shops:
D:5 (   D:9 [   Orc:1 (   Orc:2 (:[*   Elf:1 (   Elf:2 *:   Snake:4 *=
Vaults:1 ?   Vaults:2 =   Depths:2 *   Depths:4 =*:(

Portals:
Hell: Depths:1 Depths:2 Depths:3 Depths:4
Abyss: Depths:3
Pandemonium: Depths:2

Annotations:
Elf:2 3 runed translucent doors
Zot:4 3 transporters


Innate Abilities, Weirdness & Mutations

You have a pair of horns on your head.
You reflexively headbutt those who attack you in melee.
You are partially covered in iridescent scales. (AC +2)
You are very clumsy. (Dex -4)
Your body sometimes deteriorates upon taking damage.
You are dopey. (Int -2)
Your system is resistant to poisons. (rPois)
Your natural rate of healing is unusually fast.
You occasionally shout uncontrollably at your foes.
Your spells are a little easier to cast, but a little less powerful.
You occasionally lose the ability to drink potions when taking damage.


Message History

The Ice Fiend calls on the powers of darkness!
Your body is wracked with pain!
* * * LOW HITPOINT WARNING * * *
You block the Ice Fiend's attack. The Ice Fiend claws you!
* * * LOW HITPOINT WARNING * * *
The Ice Fiend freezes you! You resist.
* * * LOW HITPOINT WARNING * * *
You slip backwards!
You have turned to stone.
The blizzard demon is engulfed in freezing vapours.
The blizzard demon waves its arms in wide circles.
The air twists around and strikes you.
The Ice Fiend claws you but does no damage. x2
The blizzard demon is engulfed in freezing vapours.
The Ice Fiend claws you but does no damage. x4
The blizzard demon hits you but does no damage. x2
The Ice Fiend gestures at you.
The bolt of cold hits you but does no damage.
The Ice Fiend claws you. The Ice Fiend freezes you! You resist.
* * * LOW HITPOINT WARNING * * *
You slip backwards!
The Ice Fiend claws you but does no damage. x2
The Ice Fiend gestures at you. The bolt of cold hits you. You resist.
* * * LOW HITPOINT WARNING * * *
The Ice Fiend claws you but does no damage.
The Ice Fiend claws you!
* * * LOW HITPOINT WARNING * * *
The Ice Fiend freezes you! You resist.
* * * LOW HITPOINT WARNING * * *
You slip backwards!
The Ice Fiend claws you but does no damage. x2
The Ice Fiend gestures at you. The bolt of cold hits you! You resist.
* * * LOW HITPOINT WARNING * * *
The blizzard demon gestures at you.
The freezing blast engulfs you but does no damage.
The Ice Fiend claws you but does no damage. x2
The Ice Fiend gestures at you. The bolt of cold hits you! You resist.
You die...

▓▓▓ ▓▓▓▓.▓▓▓▓
▓▓....§☼@▓▓
▓▓.....☼112▓▓
▓▓......☼.☼.§▓▓
▓.............▓
▓"/...........▓
▓?∩$..........▓▓
▓.(>)........∩..▓
▓▓[∩!..........▓▓
▓.............▓


You could see 2 Ice Fiends and a blizzard demon.

Vanquished Creatures
  Dissolution (Slime:2)
  the Royal Jelly (Slime:5)
  Tiamat (Zot:4)
  4 dread liches
  3 orbs of fire
  4 ancient liches
  A juggernaut (Depths:2)
  A shard shrike (Zig:3)
  6 Killer Klowns
  Margery (Vaults:4)
  Bai Suzhen (Swamp:4)
  Saint Roka (Orc:2)
  A curse toe (Zot:4)
  11 golden dragons
  Nikola (Swamp:4)
  Jory (Vaults:5)
  A bone dragon (Crypt:3)
  12 tentacled monstrosities
  A Hellbinder (WizLab)
  8 electric golems
  Jorgrun (Swamp:3)
  A pandemonium lord (Zig:1)
  25 Orb Guardians (Zot:5)
  2 titans
  Mlioglotl (Snake:1)
  A Hell Sentinel (Abyss:2)
  3 liches
  12 quicksilver dragons
  2 deep elf master archers (Elf:3)
  2 deep elf blademasters (Elf:3)
  5 sphinxes
  12 death cobs
  An ancient champion (Crypt:2)
  12 acid blobs
  Frances (Elf:1)
  Gastronok (Lair:3)
  A revenant (Crypt:1)
  6 tentacled starspawn
  7 azure jellies
  Agnes (D:15)
  8 shadow dragons
  6 draconian monks
  Aizul (Snake:1)
  Roxanne (D:14)
  A fenstrider witch (Swamp:4)
  11 storm dragons
  15 tengu reavers
  4 nagarajas (Snake:4)
  2 narguns (Zig:6)
  The ghost of grizmgrazm2 the Unseen, an adept KoSh of Wu Jian (Swamp:4)
  8 fire giants
  Donald (Swamp:1)
  6 deep elf sorcerers
  9 rockslimes
  4 imperial myrmidons (Desolation)
  14 vault wardens
  10 draconian scorchers
  7 deep elf elementalists (Elf:3)
  5 ghost moths
  4 draconian knights
  8 frost giants
  3 iron dragons
  A balrug (Depths:2)
  2 curse skulls
  2 draconian stormcallers
  4 cacodemons
  A reaper (Depths:3)
  8 draconian annihilators
  10 war gargoyles
  An orc warlord (Orc:2)
  2 ghouls (Crypt:1)
  7 ironbound thunderhulks
  A spriggan defender (Depths:4)
  2 angels (Vaults:4)
  10 quicksilver oozes
  16 stone giants
  10 draconian shifters
  12 ironbound preservers
  4 eleionomae
  19 very ugly things
  6 formless jellyfish
  A broodmother (Zig:5)
  16 black draconians
  Nessos (Lair:5)
  A demonspawn black sun (WizLab)
  4 vampire knights
  8 deep elf demonologists
  A bunyip (Swamp:2)
  2 lorocyprocas (WizLab)
  9 green draconians
  7 deep elf annihilators
  14 red draconians
  16 dire elephants
  A halazid warlock (Desolation)
  11 white draconians
  19 purple draconians
  9 yellow draconians
  Azrael (Snake:2)
  A minotaur (shapeshifter) (Vaults:4)
  5 spark wasps (Depths:2)
  An eidolon (Crypt:2)
  A minotaur (Gauntlet)
  3 blizzard demons
  9 deep elf death magi
  11 ettins
  14 fire dragons
  3 green deaths
  A quicksilver dragon zombie (Abyss:2)
  Josephine (Snake:1)
  A shambling mangrove (Swamp:4)
  11 great orbs of eyes
  10 jiangshi
  A ragged hierophant (Desolation)
  A fenstrider witch zombie (Crypt:2)
  4 entropy weavers
  A spectral fenstrider witch (Swamp:4)
  6 deep elf high priests
  11 yaktaur captains
  A merfolk javelineer (Depths:1)
  6 peacekeepers (Desolation)
  2 quicksilver dragon skeletons (Depths:1)
  10 servants of whispers (Desolation)
  3 rakshasas
  3 ghost crabs
  A salamander tyrant (Depths:2)
  38 vault guards
  21 hydras
  A jorogumo (Zig:5)
  12 ice dragons
  A hell beast (WizLab)
  2 catoblepae (D:13)
  A jorogumo (shapeshifter) (Vaults:5)
  An anaconda (shapeshifter) (Vaults:5)
  15 anacondas
  11 spriggan air magi
  A spriggan skeleton (Depths:1)
  An alligator (shapeshifter) (Depths:4)
  An ogre mage (Vaults:5)
  4 alligators
  2 death knights (Crypt:1)
  13 centaur warriors
  7 boulder beetles
  3 two-headed ogres
  10 deep troll earth magi
  12 dancing weapons
  A sphinx skeleton (Depths:1)
  10 ironbound frosthearts
  An azure jelly zombie (Crypt:1)
  9 naga warriors
  A fenstrider witch skeleton (Crypt:2)
  7 deep troll shamans
  4 tengu warriors
  10 naga sharpshooters
  6 vampire magi
  3 orc high priests (Orc:2)
  4 thrashing horrors
  5 spriggan berserkers
  4 sun demons
  25 hell knights
  2 shadow wraiths
  32 skeletal warriors
  4 wretched stars
  A skyshark (Lair:4)
  6 shock serpents
  15 deep elf knights
  3 soul eaters (WizLab)
  An iron giant zombie (Crypt:3)
  A spectral bunyip (Swamp:4)
  7 salamander mystics
  8 sixfirhies
  A deep troll (shapeshifter) (Elf:1)
  13 iron trolls
  2 sea snakes (Snake:4)
  6 flayed ghosts
  3 spectral anacondas (Snake:3)
  4 bog bodies
  2 spriggan druids (Swamp:4)
  36 deep trolls
  4 goliath frogs
  An obsidian statue (Depths:3)
  A shadow demon (WizLab)
  An orb spider (Zig:5)
  9 swamp dragons
  18 ironbound convokers
  3 wizards
  16 deep elf archers
  8 necromancers
  5 lindwurms
  An orange crystal statue (IceCv)
  A shadow dragon zombie (Depths:1)
  3 glowing orange brains
  5 naga ritualists
  6 orc knights
  A wolf spider (shapeshifter) (Elf:3)
  21 deep elf zephyrmancers
  A fenstrider witch simulacrum (Swamp:4)
  7 phantasmal warriors
  5 starcursed masses (Abyss:2)
  A broodmother zombie (Crypt:2)
  2 lindwurms (shapeshifter)
  A wolf spider (Zig:5)
  An anaconda skeleton (Crypt:3)
  25 deep elf pyromancers
  4 shining eyes
  7 mana vipers
  21 ugly things
  2 fire giant zombies
  6 orc sorcerers
  6 manticores
  A worldbinder (Abyss:2)
  A spectral spriggan (Swamp:4)
  6 cyclopes
  5 will-o-the-wisps
  11 salamanders
  7 elephants
  30 black mambas
  2 molten gargoyles (Desolation)
  22 moths of wrath
  3 fire giant skeletons
  2 torpor snails
  A rust devil (Depths:2)
  3 stone giant skeletons
  A centaur zombie (Crypt:3)
  6 orange demons
  An ice statue (Snake:1)
  19 naga magi
  14 smoke demons
  2 black mambas (shapeshifter)
  16 vault sentinels
  2 eyes of devastation
  14 guardian serpents
  4 gargoyles (Crypt:3)
  A hellion (Gauntlet)
  A dire elephant skeleton (Crypt:3)
  2 rime drakes
  7 storm dragon simulacra (IceCv)
  3 centaur skeletons (Crypt:3)
  16 cane toads
  2 kobold demonologists
  A purple draconian zombie (Crypt:1)
  26 yaktaurs
  A bunyip simulacrum (Swamp:4)
  8 freezing wraiths
  4 ice devils
  9 komodo dragons
  6 ancient zymes
  4 tengu conjurers
  3 spectral nagas (Snake:3)
  An efreet (Zot:3)
  5 polar bears
  A yaktaur (shapeshifter) (Elf:2)
  11 red devils
  2 golden dragon simulacra (IceCv)
  A troll (shapeshifter) (D:13)
  3 anaconda simulacra (Snake:3)
  A wind drake (shapeshifter) (Elf:3)
  2 human zombies (Vaults:2)
  2 meliai (shapeshifter) (D:13)
  16 hornets
  7 tyrant leeches
  2 spectral guardian serpents (Snake:3)
  2 hellwings
  8 blink frogs
  5 tarantellas
  Prince Ribbit (D:5)
  A tarantella (shapeshifter) (Depths:3)
  3 trolls
  A harpy skeleton (Abyss:2)
  A blink frog (shapeshifter) (Vaults:5)
  14 large abominations
  A snapping turtle (shapeshifter) (Vaults:4)
  A dream sheep (shapeshifter) (Elf:2)
  56 saltlings (Desolation)
  A raiju (shapeshifter) (Elf:1)
  A fire dragon zombie (Crypt:1)
  8 raiju
  2 spriggan zombies
  15 dream sheep
  A hydra skeleton (Crypt:3)
  A jumping spider (shapeshifter) (Vaults:4)
  3 jumping spiders
  An ettin skeleton (Abyss:2)
  A spriggan (shapeshifter) (Vaults:5)
  A guardian serpent skeleton (Snake:3)
  6 shadows
  2 centaur simulacra (Gauntlet)
  41 slime creatures
  An ice dragon skeleton (Crypt:3)
  A fire dragon skeleton (Crypt:3)
  19 spriggans
  9 vampires
  37 yaks
  27 fire elementals
  16 wraiths
  A ynoxinul (WizLab)
  A human (shapeshifter) (D:15)
  3 water elementals (Depths:1)
  3 wyverns
  A hog (shapeshifter) (Vaults:4)
  2 fire bats (Abyss:2)
  3 basilisks
  8 chaos spawn
  A golden eye (Slime:5)
  4 neqoxecs
  2 steam dragons (D:12)
  Grum (D:9)
  A sea snake simulacrum (Snake:3)
  2 redbacks
  15 vampire mosquitoes
  Menkaure (D:4)
  An elf skeleton (Vaults:2)
  The ghost of void236 the Caller, an amateur BaSu (D:4)
  2 wargs
  A naga zombie (Crypt:3)
  15 swamp worms
  40 nagas
  A tengu skeleton (D:15)
  19 water moccasins
  A guardian serpent simulacrum (Snake:3)
  6 hell hounds
  2 floating eyes
  A glowing shapeshifter skeleton (Depths:1)
  2 naga skeletons (Snake:3)
  A faun skeleton (Crypt:1)
  A black bear (shapeshifter) (Elf:1)
  A demonspawn skeleton (Crypt:2)
  12 swamp drakes
  An ice beast (D:7)
  6 black bears
  35 orc warriors
  11 ogres
  3 sky beasts (D:12)
  8 ice dragon simulacra (IceCv)
  10 small abominations (Abyss:2)
  A spriggan simulacrum (Zig:3)
  9 boggarts
  A wolf (shapeshifter) (Vaults:5)
  40 wolves
  17 centaurs
  A phantom (D:5)
  7 kobold brigands
  16 bullfrogs
  4 earth elementals
  4 scorpions
  A draconian skeleton (Crypt:2)
  A gnoll sergeant (D:13)
  A cane toad simulacrum (Gauntlet)
  A wyvern skeleton (Crypt:2)
  20 wights
  A tengu zombie (Depths:1)
  4 lindwurm simulacra (IceCv)
  4 killer bees (D:8)
  5 electric eels (D:10)
  A howler monkey (D:14)
  A wolf skeleton (Crypt:1)
  3 quasits (Abyss:2)
  35 orc priests
  4 hounds
  A jelly (Lair:4)
  4 gnoll boudas
  An iguana (D:4)
  4 sleepcaps
  Ijyb (D:4)
  22 orc wizards
  4 lightning spires (Zot:2)
  3 yak simulacra (Lair:2)
  A boggart skeleton (Crypt:1)
  A polar bear simulacrum (Lair:2)
  6 wolf simulacra (Lair:2)
  A killer bee zombie (Crypt:1)
  A boggart simulacrum (D:15)
  Robin (D:4)
  37 gnolls
  A swamp drake zombie (Crypt:1)
  9 adders
  2 naga simulacra (Snake:3)
  A shadow imp (D:7)
  3 white imps
  3 ufetubi
  2 worms (D:3)
  5 dart slugs
  82 orcs
  9 endoplasms
  4 giant cockroaches
  7 hobgoblins
  59 kobolds
  5 quokkas
  7 ball pythons
  5 bats
  3 frilled lizards
  17 goblins
  2 quokka zombies
  5 rats
  A river rat simulacrum (Lair:2)
  6 starspawn tentacles
2582 creatures vanquished.

Vanquished Creatures (others)
  An ancient lich (Zot:1)
  A death cob (Zot:4)
  2 draconian monks
  A draconian knight (Zot:2)
  A draconian scorcher (Depths:4)
  A stone giant (Depths:2)
  A black draconian (Zot:2)
  An ice dragon (Depths:2)
  A naga warrior (Snake:4)
  2 deep elf knights (Elf:2)
  A death drake (shapeshifter) (Depths:4)
  3 deep elf zephyrmancers
  A moth of wrath (Zot:2)
  2 bloated husks
  A raiju (Zot:2)
  2 fire elementals (Elf:1)
  An orc warrior (Vaults:5)
  A spectral naga (Snake:3)
  An orc wizard (D:12)
  A lightning spire (Zot:2)
  5 ball lightnings (Zot:2)
  40 foxfires
  A lurking horror (Abyss:2)
  5 starspawn tentacles (Abyss:2)
77 creatures vanquished.

Grand Total: 2659 creatures vanquished

Notes
Turn   | Place    | Note
-------+----------+-------------------------------------------
     0 | D:1      | ceneti the Minotaur Fighter began the quest for the Orb.
     0 | D:1      | Reached XP level 1. HP: 19/19 MP: 0/0
   244 | D:1      | Reached XP level 2. HP: 27/27 MP: 1/1
   697 | D:1      | Reached skill level 1 in Dodging
  1121 | D:2      | Reached XP level 3. HP: 33/33 MP: 2/2
  1557 | D:2      | Reached XP level 4. HP: 40/40 MP: 3/3
  1960 | D:3      | Reached XP level 5. HP: 47/47 MP: 4/4
  2036 | D:3      | Found a white marble altar of Elyvilon.
  2574 | D:4      | Reached XP level 6. HP: 55/55 MP: 5/5
  2603 | D:4      | Noticed Robin
  2614 | D:4      | Killed Robin
  2627 | D:4      | Reached skill level 5 in Fighting
  2627 | D:4      | Reached skill level 5 in Armour
  2627 | D:4      | Reached skill level 5 in Shields
  2857 | D:4      | Found a transporter.
  2863 | D:4      | Found a transporter.
  2896 | D:4      | Found a hide-covered altar of Uskayaw.
  2933 | D:4      | Noticed Menkaure
  2941 | D:4      | Killed Menkaure
  2942 | D:4      | Reached XP level 7. HP: 26/61 MP: 6/6
  3008 | D:4      | Noticed Ijyb
  3015 | D:4      | Killed Ijyb
  3125 | D:4      | You fall into a shaft and drop 3 floors!
  3197 | D:6      | Found a hazy altar of Hepliaklqana.
  3237 | D:5      | Entered Level 5 of the Dungeon
  3258 | D:5      | Reached skill level 5 in Axes
  3498 | D:4      | Noticed void236's ghost (amateur BaSu)
  3504 | D:4      | Killed void236's ghost
  3505 | D:4      | Reached XP level 8. HP: 70/70 MP: 7/7
  4115 | D:5      | Reached skill level 5 in Dodging
  4172 | D:5      | Found Qytalog's Antique Weapon Shoppe.
  4172 | D:5      | Noticed Prince Ribbit
  4204 | D:5      | Killed Prince Ribbit
  4765 | D:6      | Found an iron altar of Okawaru.
  4776 | D:6      | Found a stormy altar of Qazlal.
  4786 | D:6      | Became a worshipper of Warmaster Okawaru
  4841 | D:6      | Reached XP level 9. HP: 77/79 MP: 8/8
  4949 | D:6      | Gained mutation: Your body sometimes deteriorates upon
                  | taking damage. [potion of mutation]
  4949 | D:6      | Gained mutation: You possess an exceptional clarity of
                  | mind. [potion of mutation]
  4949 | D:6      | Gained mutation: You are dopey. (Int -2) [potion of
                  | mutation]
  4967 | D:6      | Found a staircase to the Ecumenical Temple.
  4973 | Temple   | Entered the Ecumenical Temple
  5538 | D:7      | Reached * piety under Okawaru
  5724 | D:7      | Reached ** piety under Okawaru
  5903 | D:7      | Noticed a manticore
  5914 | D:7      | Killed a manticore
  6213 | D:8      | Reached XP level 10. HP: 90/90 MP: 9/9
  6356 | D:8      | Reached *** piety under Okawaru
  6701 | D:9      | Found a glowing golden altar of the Shining One.
  6788 | D:9      | Noticed a two-headed ogre
  7055 | D:9      | Noticed Grum
  7068 | D:9      | Killed Grum
  7446 | D:9      | Killed a two-headed ogre
  7446 | D:9      | Reached **** piety under Okawaru
  7585 | D:9      | Found a transporter.
  7587 | D:9      | Found Wawkaom's Armour Boutique.
  7740 | D:9      | Found a transporter.
  7874 | D:10     | Entered Level 10 of the Dungeon
  7894 | D:10     | Found a shadowy altar of Dithmenos.
  7986 | D:10     | Found a staircase to the Lair.
  8159 | D:10     | Found a snail-covered altar of Cheibriados.
  8249 | D:10     | Reached ***** piety under Okawaru
  8250 | D:10     | Reached XP level 11. HP: 99/99 MP: 10/10
  8355 | D:10     | Found a blossoming altar of Fedhas.
  8358 | D:10     | Found an ornate altar of the Wu Jian Council.
  8423 | D:10     | Reached skill level 10 in Armour
  8612 | D:10     | Found a radiant altar of Vehumet.
  8723 | D:10     | Reached skill level 10 in Fighting
  8723 | D:10     | Reached skill level 10 in Shields
  8968 | D:11     | Noticed a brown ugly thing
  8978 | D:11     | Killed a brown ugly thing
  9754 | D:12     | Reached skill level 10 in Axes
  9935 | D:12     | Identified the +2 pair of gloves of Oreck {rPois Dex+7}
                  | (Okawaru gifted it to you on level 12 of the Dungeon)
  9935 | D:12     | Received a gift from Okawaru
  9940 | D:12     | Noticed a red ugly thing
  9949 | D:12     | Killed a red ugly thing
  9970 | D:12     | Found a gate leading to a gauntlet.
  9984 | Gauntlet | Entered a Gauntlet
  9984 | Gauntlet | Found a transporter.
  9984 | Gauntlet | Found a transporter.
 10003 | Gauntlet | Found a transporter.
 10003 | Gauntlet | Found a transporter.
 10003 | Gauntlet | Found a transporter.
 10003 | Gauntlet | Found a transporter.
 10013 | Gauntlet | Found a transporter.
 10017 | Gauntlet | Found a transporter.
 10022 | Gauntlet | Noticed a sixfirhy
 10023 | Gauntlet | Noticed a sixfirhy
 10027 | Gauntlet | Found a transporter.
 10127 | Gauntlet | Noticed an orange crystal statue
 10128 | Gauntlet | Found a transporter.
 10132 | Gauntlet | Found a transporter.
 10142 | Gauntlet | Found a transporter.
 10223 | Gauntlet | Identified the ring of Qentuit {rElec rN+ Str+6}
 10314 | Gauntlet | Identified the +2 pair of boots of Geogisch {MP+9 Dex+2}
 10350 | Gauntlet | Killed a sixfirhy
 10351 | Gauntlet | Killed a sixfirhy
 10412 | Gauntlet | Noticed a minotaur
 10422 | Gauntlet | Killed a minotaur
 10434 | Gauntlet | Identified the +2 ring mail "Jyoregok" {rF+ rC+ Regen+}
 10437 | Gauntlet | Got Sif Muna's Papyrus of Toxic Battle Magic
 10664 | D:12     | Found a staircase to the Orcish Mines.
 10865 | D:12     | Reached XP level 12. HP: 110/110 MP: 11/11
 11028 | D:13     | Noticed a boulder beetle
 11052 | D:13     | Killed a boulder beetle
 11053 | D:13     | Reached skill level 10 in Dodging
 11121 | D:13     | Noticed a two-headed ogre
 11126 | D:13     | Noticed a boulder beetle
 11127 | D:13     | Killed a two-headed ogre
 11167 | D:13     | Killed a boulder beetle
 11201 | D:13     | Noticed a centaur warrior
 11204 | D:13     | Noticed a boulder beetle
 11210 | D:13     | Killed a centaur warrior
 11210 | D:13     | Received a gift from Okawaru
 11216 | D:13     | Killed a boulder beetle
 11270 | D:13     | Found a gate to the Vaults.
 11270 | D:13     | Noticed a catoblepas
 11270 | D:13     | Noticed a vault guard
 11270 | D:13     | Noticed a vault guard
 11270 | D:13     | Noticed a vault guard
 11270 | D:13     | Noticed a vault guard
 11270 | D:13     | Noticed a centaur warrior
 11270 | D:13     | Noticed a centaur warrior
 11280 | D:13     | Killed a vault guard
 11295 | D:13     | Killed a vault guard
 11295 | D:13     | Killed a catoblepas
 11302 | D:13     | Killed a centaur warrior
 11304 | D:13     | Killed a vault guard
 11304 | D:13     | Reached ****** piety under Okawaru
 11304 | D:13     | Identified the +3 ring mail of the Thinker {-Tele rC+
                  | Str+3} (Okawaru gifted it to you on level 13 of the
                  | Dungeon)
 11304 | D:13     | Received a gift from Okawaru
 11309 | D:13     | Killed a vault guard
 11315 | D:13     | Killed a centaur warrior
 11317 | D:13     | Reached XP level 13. HP: 75/119 MP: 12/12
 11554 | D:13     | Identified the +8 plate armour "Velosm" {rElec rC- Will+
                  | Str+6}
 11645 | D:13     | Identified the +0 leather armour of Gapib {Fly rN+}
 11943 | D:14     | Noticed Roxanne
 11959 | D:14     | Killed Roxanne
 12382 | Lair:1   | Entered Level 1 of the Lair of Beasts
 12658 | Lair:1   | Received a gift from Okawaru
 13674 | Lair:2   | Identified the +0 hat "Nech" {Str+2} (Okawaru gifted it to
                  | you on level 2 of the Lair of Beasts)
 13674 | Lair:2   | Received a gift from Okawaru
 14042 | Lair:3   | Found a staircase to the Snake Pit.
 14197 | Lair:3   | Found a staircase to the Swamp.
 14202 | Lair:3   | Reached XP level 14. HP: 130/130 MP: 13/13
 14229 | Lair:3   | Noticed Gastronok
 14240 | Lair:3   | Killed Gastronok
 15564 | Lair:4   | Found a staircase to the Slime Pits.
 15567 | Lair:4   | Found a viscous altar of Jiyva.
 15748 | Lair:5   | Entered Level 5 of the Lair of Beasts
 15834 | Lair:5   | Received a gift from Okawaru
 16091 | Lair:5   | Identified the +1 war axe "Naovos" {freeze, Int+4 Dex-3}
                  | (Okawaru gifted it to you on level 5 of the Lair of Beasts)
 16091 | Lair:5   | Received a gift from Okawaru
 16329 | Lair:5   | Noticed Nessos
 16355 | Lair:5   | Killed Nessos
 16634 | Lair:5   | Lost mutation: Your body sometimes deteriorates upon taking
                  | damage. [potion of mutation]
 16634 | Lair:5   | Lost mutation: You possess an exceptional clarity of mind.
                  | [potion of mutation]
 16634 | Lair:5   | Gained mutation: Your muscles are strong. (Str +4, Int/Dex
                  | -1) [potion of mutation]
 16634 | Lair:5   | Gained mutation: Your system is resistant to poisons.
                  | (rPois) [potion of mutation]
 17451 | Orc:1    | Entered Level 1 of the Orcish Mines
 17519 | Orc:1    | Found Gihae's Weapon Shoppe.
 17563 | Orc:1    | Reached XP level 15. HP: 139/139 MP: 14/14
 17813 | Orc:2    | Entered Level 2 of the Orcish Mines
 17813 | Orc:2    | Noticed Saint Roka
 17843 | Orc:2    | Killed Saint Roka
 17843 | Orc:2    | Received a gift from Okawaru
 17843 | Orc:2    | Found the +2 pair of slick slippers {slick, slippery, EV+4}
 17844 | Orc:2    | Reached skill level 15 in Armour
 17844 | Orc:2    | Reached skill level 15 in Shields
 18158 | Orc:2    | Reached skill level 15 in Fighting
 18264 | Orc:2    | Found a staircase to the Elven Halls.
 18470 | Orc:2    | Reached skill level 15 in Axes
 18627 | Orc:2    | Found Rediz's General Store.
 18628 | Orc:2    | Found Kolat's Book Emporium.
 18629 | Orc:2    | Found Menustryo's Antique Armour Emporium.
 18629 | Orc:2    | Found Eteobik's Antique Weapon Shoppe.
 19052 | D:15     | Entered Level 15 of the Dungeon
 19270 | D:15     | Found a staircase to the Depths.
 19292 | D:15     | Received a gift from Okawaru
 19521 | D:15     | Noticed Agnes
 19528 | D:15     | Killed Agnes
 19699 | Snake:1  | Entered Level 1 of the Snake Pit
 19711 | Snake:1  | Received a gift from Okawaru
 19737 | Snake:1  | Noticed Aizul
 19765 | Snake:1  | Killed Aizul
 19866 | Snake:1  | Noticed Mlioglotl
 19878 | Snake:1  | Killed Mlioglotl
 20051 | Snake:1  | Found a frozen archway.
 20066 | IceCv    | Entered an ice cave
 20215 | IceCv    | Lost intelligence.
 20222 | IceCv    | Received a gift from Okawaru
 20360 | IceCv    | Noticed a golden dragon
 20372 | IceCv    | Reached XP level 16. HP: 90/151 MP: 13/15
 20373 | IceCv    | Killed a golden dragon
 20480 | IceCv    | Identified the amulet "Zufail" {Faith Str+9 Int-4}
 21179 | Snake:1  | Noticed Josephine
 21192 | Snake:1  | Killed Josephine
 21974 | Snake:2  | Noticed Azrael
 22003 | Snake:2  | Killed Azrael
 22005 | Snake:2  | Found a flickering gateway to a bazaar.
 22017 | Bazaar   | Entered a bazaar
 22017 | Bazaar   | Found Imal's Antique Weapon Shop.
 22075 | Bazaar   | Found Nempoerch's General Store.
 22081 | Bazaar   | Found Ucaghed's General Store.
 22086 | Bazaar   | Found Cudghadu's Jewellery Shoppe.
 22092 | Bazaar   | Found Ycas's Weapon Boutique.
 22120 | Bazaar   | Bought a potion of mutation for 72 gold pieces
 22120 | Bazaar   | Bought a scroll of enchant weapon for 67 gold pieces
 22120 | Bazaar   | Bought a potion of mutation for 72 gold pieces
 22130 | Bazaar   | Bought a scroll of enchant armour for 82 gold pieces
 22130 | Bazaar   | Bought a potion of might for 44 gold pieces
 22176 | Bazaar   | Lost mutation: Your muscles are strong. (Str +4, Int/Dex
                  | -1) [potion of mutation]
 22176 | Bazaar   | Lost mutation: You are dopey. (Int -2) [potion of mutation]
 22176 | Bazaar   | Lost mutation: Your system is resistant to poisons. (rPois)
                  | [potion of mutation]
 22176 | Bazaar   | Gained mutation: Your flesh is cold resistant. (rC+)
                  | [potion of mutation]
 22176 | Bazaar   | Gained mutation: You occasionally shout uncontrollably at
                  | your foes. [potion of mutation]
 22176 | Bazaar   | Gained mutation: You expend magic power (3 MP) to
                  | strengthen your wands. [potion of mutation]
 22176 | Bazaar   | Gained mutation: Your system is resistant to poisons.
                  | (rPois) [potion of mutation]
 22807 | Snake:3  | Reached skill level 15 in Dodging
 23089 | Snake:3  | Identified the +1 hat of Untruth {Int+3} (Okawaru gifted it
                  | to you on level 3 of the Snake Pit)
 23089 | Snake:3  | Received a gift from Okawaru
 23533 | Snake:4  | Entered Level 4 of the Snake Pit
 23885 | Snake:4  | Reached XP level 17. HP: 134/161 MP: 16/16
 23951 | Snake:4  | Found Hysoy's General Store.
 23953 | Snake:4  | Found Xylick's Specific Store.
 23970 | Snake:4  | Bought a scroll of revelation for 120 gold pieces
 23974 | Snake:4  | Bought a scroll of enchant armour for 90 gold pieces
 24030 | Snake:4  | Found Nolek's Jewellery Shop.
 24281 | Snake:4  | Identified the +0 pair of gloves "Evut" {Harm rElec rC-
                  | Str+5 Dex+2} (Okawaru gifted it to you on level 4 of the
                  | Snake Pit)
 24281 | Snake:4  | Received a gift from Okawaru
 24587 | Snake:4  | Got a serpentine rune of Zot
 24757 | Swamp:1  | Entered Level 1 of the Swamp
 25049 | Swamp:1  | Noticed Donald
 25061 | Swamp:1  | Killed Donald
 26240 | Swamp:3  | Noticed Jorgrun
 26252 | Swamp:3  | Killed Jorgrun
 26365 | Swamp:3  | Noticed a tentacled monstrosity
 26377 | Swamp:3  | Killed a tentacled monstrosity
 26597 | Swamp:4  | Entered Level 4 of the Swamp
 26644 | Swamp:4  | Noticed Nikola
 26644 | Swamp:4  | Noticed Bai Suzhen
 26663 | Swamp:4  | Killed Nikola
 26663 | Swamp:4  | Identified the +0 pair of boots of Astof {*Corrode rPois
                  | rF++ rN+} (Okawaru gifted it to you on level 4 of the
                  | Swamp)
 26663 | Swamp:4  | Received a gift from Okawaru
 26669 | Swamp:4  | Killed Bai Suzhen
 26697 | Swamp:4  | Noticed grizmgrazm2's ghost (adept KoSh)
 27173 | Swamp:4  | Reached XP level 18. HP: 172/172 MP: 17/17
 27180 | Swamp:4  | Found a transporter.
 27203 | Swamp:4  | Found a transporter.
 27359 | Swamp:4  | Got a decaying rune of Zot
 27737 | Swamp:4  | Killed grizmgrazm2's ghost
 27979 | Vaults:1 | Entered Level 1 of the Vaults
 28121 | Vaults:1 | Identified the +0 plate armour of the Centaur {rF+ Will-
                  | Int+6 Dex+3}
 28150 | Abyss:2  | Found a corrupted altar of Lugonu.
 28150 | Abyss:2  | Cast into level 2 of the Abyss (a wizard)
 28424 | Abyss:2  | Found a corrupted altar of Lugonu.
 28604 | Abyss:2  | Identified the +9 broad axe "Keubeov" {flame, Str+4 Int+2}
                  | (Okawaru gifted it to you on level 2 of the Abyss)
 28604 | Abyss:2  | Received a gift from Okawaru
 28935 | Vaults:1 | Escaped the Abyss
 29349 | Vaults:1 | Identified the +4 kite shield of Hospitality {Harm *Slow
                  | rCorr SInv} (Okawaru gifted it to you on level 1 of the
                  | Vaults)
 29349 | Vaults:1 | Received a gift from Okawaru
 30112 | Vaults:1 | Found Uneuwaag's Magic Scroll Shop.
 30115 | Vaults:1 | Bought a scroll of teleportation for 39 gold pieces
 30115 | Vaults:1 | Bought a scroll of blinking for 97 gold pieces
 30115 | Vaults:1 | Bought a scroll of fog for 52 gold pieces
 30307 | Vaults:2 | Identified the +6 war axe of the Bursting Mosquito
                  | {distort, rN+ Int-3 Dex+6}
 30413 | Vaults:2 | Reached XP level 19. HP: 152/179 MP: 18/18
 30561 | Vaults:2 | Found Zanuer's Jewellery Emporium.
 31496 | Vaults:3 | Received a gift from Okawaru
 31671 | Abyss:2  | Cast into level 2 of the Abyss (a wizard)
 31919 | Vaults:3 | Escaped the Abyss
 32019 | Vaults:3 | Found a staircase to the Crypt.
 32019 | Vaults:3 | Found an ancient bone altar of Kikubaaqudgha.
 32019 | Vaults:3 | Found a basalt altar of Yredelemnul.
 32066 | Vaults:3 | Received a gift from Okawaru
 32808 | Vaults:4 | Found a white marble altar of Elyvilon.
 32823 | Vaults:4 | Found a crumbling gateway.
 32825 | Vaults:4 | Found a glowing silver altar of Zin.
 32825 | Vaults:4 | Found a glowing golden altar of the Shining One.
 32852 | Desolati | Entered the Desolation of Salt
 33027 | Desolati | Got Icowk's Monograph on Inhalation and Kindling
 33031 | Desolati | Got Sif Muna's Book of Fog
 33078 | Desolati | Identified the ring of the Priest {Will++ Str+6}
 33115 | Desolati | Reached XP level 20. HP: 193/193 MP: 19/19
 33204 | Desolati | Identified the +5 glaive of Bautomol {freeze, rN+}
 33205 | Desolati | Identified the amulet "Qommeq" {Spirit rF+}
 33207 | Desolati | Identified the amulet "Getsaif" {Spirit rC+ Int+2 Slay+3
                  | SInv}
 33289 | Desolati | Identified the +6 chain mail "Rugil" {Dex+4 SInv} (Okawaru
                  | gifted it to you in the Desolation of Salt)
 33289 | Desolati | Received a gift from Okawaru
 33359 | Desolati | Identified the +6 sling of Dosuizau {drain, rElec rF-
                  | Dex+3}
 33429 | Desolati | Identified the +1 robe of Okawaru's Wrath {rN++ Str-2}
 33433 | Desolati | Identified the +1 falchion "Sugeid" {freeze, rCorr}
 33434 | Desolati | Identified the amulet "Iquetal" {RegenMP +Inv}
 33973 | Vaults:4 | Noticed Margery
 33988 | Vaults:4 | Killed Margery
 34466 | Vaults:4 | Identified the +3 cloak "Qangig" {rC+ rN+ Will+ Slay+2}
 34902 | Vaults:5 | Entered Level 5 of the Vaults
 35035 | Vaults:4 | Received a gift from Okawaru
 35268 | Vaults:5 | Noticed a dread lich
 35299 | Vaults:4 | Killed a dread lich
 35372 | Vaults:5 | Noticed Jory
 35654 | Vaults:5 | Killed Jory
 35654 | Vaults:5 | Received a gift from Okawaru
 35655 | Vaults:5 | Reached XP level 21. HP: 109/204 MP: 20/20
 35655 | Vaults:5 | Identified the ring of the Establishment {rElec rCorr AC+4}
 36308 | Vaults:5 | Noticed a dread lich
 36319 | Vaults:5 | Killed a dread lich
 36360 | Vaults:5 | Identified the ring "Echiqeit" {rPois rC++ EV+5}
 36499 | Vaults:5 | Identified the +5 longbow "Earthworm" {freeze, rElec rPois
                  | rC- Str+3}
 36501 | Vaults:5 | Got the Teachings on Generation and Ignition
 36678 | Vaults:5 | Noticed an ancient lich
 36738 | Vaults:5 | Received a gift from Okawaru
 36992 | Vaults:5 | Identified the +0 scale mail "Cunypel" {Rampage +Blink rF+
                  | Regen+ Str-4}
 37094 | Vaults:5 | Reached XP level 22. HP: 214/214 MP: 21/21
 37096 | Vaults:5 | Got a silver rune of Zot
 37121 | Vaults:5 | Identified the +4 glaive of Uragic {heavy, Str+6 Dex-5
                  | Stlth+}
 37387 | Vaults:5 | Found the +8 lance "Wyrmbane" {slay drac, rPois rF+ rC+
                  | AC+3}
 37487 | Vaults:5 | Identified the ring "Zoshris" {Fly rElec rPois rN++}
 37829 | Elf:1    | Entered Level 1 of the Elven Halls
 37886 | Elf:1    | Noticed Frances
 37893 | Elf:1    | Killed Frances
 37893 | Elf:1    | Identified the +0 robe of the Valley of Death {Harm rElec
                  | Str+8 Int-4} (Okawaru gifted it to you on level 1 of the
                  | Elven Halls)
 37893 | Elf:1    | Received a gift from Okawaru
 37920 | Elf:1    | Found Cuent's Weapon Shop.
 38858 | Elf:2    | Found Rueruiwk's Book Emporium.
 38858 | Elf:2    | Found Notafoun's Assorted Antiques.
 38871 | Elf:2    | Bought a scroll of revelation for 277 gold pieces
 38871 | Elf:2    | Bought a potion of might for 148 gold pieces
 38871 | Elf:2    | Bought a potion of curing for 111 gold pieces
 38871 | Elf:2    | Bought a potion of ambrosia for 296 gold pieces
 38871 | Elf:2    | Bought a scroll of amnesia for 148 gold pieces
 38871 | Elf:2    | Bought a scroll of teleportation for 111 gold pieces
 38871 | Elf:2    | Bought a wand of digging (4) for 621 gold pieces
 39047 | Elf:2    | Found a runed translucent gate.
 39047 | Elf:2    | Found a runed translucent gate.
 39048 | Elf:2    | Found a runed translucent gate.
 39178 | Elf:3    | Entered Level 3 of the Elven Halls
 39304 | Elf:3    | Reached XP level 23. HP: 223/223 MP: 22/22
 39483 | Elf:3    | Received a gift from Okawaru
 39821 | Elf:3    | Identified the +0 ring mail of Plog {Rampage rPois}
 39823 | Elf:3    | Identified the +6 halberd of Spite {protect, Str+3}
 39823 | Elf:3    | Identified the +10 morningstar of Coroorul {vamp, rC+ Str-5
                  | Int+2}
 40167 | Elf:3    | Identified the +0 sling "Ihoqehim" {antimagic, rC++ Will++
                  | Int+3}
 40175 | Elf:3    | Got the Cyclopedia of Outbursts and Toxicity
 40261 | Elf:3    | Got the Almanac of the Four Lovers
 40660 | Crypt:1  | Entered Level 1 of the Crypt
 40833 | Crypt:1  | Received a gift from Okawaru
 41202 | Crypt:1  | Found the +4 robe of Folly {Brill Will-∞ Int+8}
 41552 | Crypt:2  | Found a magical portal.
 41562 | WizLab   | Entered The Hall of the Hellbinder
 41699 | WizLab   | Gained mutation: You frequently scream uncontrollably at
                  | your foes. [a cacodemon]
 41808 | WizLab   | Found a burning altar of Makhleb.
 42799 | Crypt:3  | Entered Level 3 of the Crypt
 42822 | Crypt:2  | Found a basalt altar of Yredelemnul.
 43399 | Crypt:3  | Identified the +5 battleaxe "Uprops" {venom, Str+3 Int+3}
 43527 | Crypt:3  | Identified the +4 broad axe "Nauj" {flame, rElec rPois
                  | Will+ Str+3} (Okawaru gifted it to you on level 3 of the
                  | Crypt)
 43527 | Crypt:3  | Received a gift from Okawaru
 43816 | Crypt:3  | Reached XP level 24. HP: 235/235 MP: 22/22
 44178 | Crypt:3  | Noticed an ancient lich
 44192 | Crypt:3  | Killed an ancient lich
 44300 | Crypt:3  | Found a staircase to the Tomb.
 44312 | Crypt:3  | Noticed an ancient lich
 44338 | Crypt:3  | Killed an ancient lich
 45004 | Depths:1 | Entered Level 1 of the Depths
 45131 | Depths:1 | Found a gateway to Hell.
 45671 | Depths:1 | Found a hide-covered altar of Uskayaw.
 45727 | Depths:1 | Received a gift from Okawaru
 46003 | Depths:2 | Noticed a juggernaut
 46018 | Depths:2 | Killed a juggernaut
 46073 | Depths:2 | Identified the +8 quarterstaff of Bile {elec, rPois rF+}
 46089 | Depths:2 | Received a gift from Okawaru
 46100 | Depths:2 | Found a one-way gate leading to the halls of Pandemonium.
 46428 | Depths:2 | Found Big Baal Hell's Store.
 46661 | Depths:2 | Identified the +0 ring mail "Giorig Woyw" {rC+ Int+2
                  | Stlth+}
 46944 | Depths:3 | Found a one-way gateway to a ziggurat.
 46948 | Depths:3 | Paralysed by a floating eye for 2 turns
 46955 | Depths:3 | Gained mutation: You have hidden genetic potential. [a
                  | shining eye]
 46991 | Depths:3 | Found an ornate altar of the Wu Jian Council.
 47065 | Depths:3 | Received a gift from Okawaru
 47093 | Depths:3 | Gained mutation: Armour fits poorly on your strangely
                  | shaped body. [a cacodemon]
 47097 | Depths:3 | Reached XP level 25. HP: 221/245 MP: 22/22
 47111 | Depths:3 | Gained mutation: You are dopey. (Int -2) [a neqoxec]
 47325 | Depths:3 | Identified the -1 helmet "Sicefam" {rF++ rN+ Dex+2}
 47532 | Depths:3 | Found a one-way gate to the infinite horrors of the Abyss.
 48343 | Depths:4 | Entered Level 4 of the Depths
 48679 | Depths:4 | Found Udain's Weapon Shoppe.
 48681 | Depths:4 | Found Nusu's Book Emporium.
 48698 | Depths:4 | Found Disuobb's Assorted Antiques.
 48705 | Depths:4 | Bought a potion of resistance for 530 gold pieces
 48705 | Depths:4 | Bought a bloodstained plate armour for 1484 gold pieces
 48705 | Depths:4 | Identified the +0 plate armour of Creativity {-Cast rF+++
                  | Slay+3} (You bought it in a shop on level 4 of the Depths)
 49062 | Depths:4 | Found a gate to the Realm of Zot.
 49092 | Depths:4 | Received a gift from Okawaru
 49139 | Depths:4 | Found Adghir's Jewellery Emporium.
 49228 | Depths:4 | Found a blossoming altar of Fedhas.
 49681 | Zot:1    | Entered Level 1 of the Realm of Zot
 49706 | Zot:1    | Noticed an ancient lich
 50399 | Zot:2    | Received a gift from Okawaru
 50458 | Zot:2    | You are sucked into a shaft and drop 2 floors!
 50458 | Zot:4    | Found a transporter.
 50458 | Zot:4    | Found a transporter.
 50458 | Zot:4    | Found a transporter.
 50460 | Zot:4    | Found a transporter.
 50603 | Zot:4    | Gained mutation: You passively map a small area around you.
                  | [hidden potential]
 50836 | Zot:3    | Noticed an orb of fire
 50840 | Zot:3    | Lost mutation: Your flesh is cold resistant. (rC+) [an orb
                  | of fire]
 50846 | Zot:3    | Gained mutation: You are vulnerable to cold. (rC-) [an orb
                  | of fire]
 50854 | Zot:3    | Gained mutation: You are agile. (Dex +4, Str/Int -1) [an
                  | orb of fire]
 50859 | Zot:3    | Gained mutation: Your body sometimes deteriorates upon
                  | taking damage. [an orb of fire]
 50865 | Zot:3    | Killed an orb of fire
 51024 | Zot:3    | Reached XP level 26. HP: 222/258 MP: 22/22
 51269 | Zot:1    | Received a gift from Okawaru
 51271 | Zot:1    | Killed an ancient lich
 51335 | Zot:1    | Lost mutation: Armour fits poorly on your strangely shaped
                  | body. [potion of mutation]
 51335 | Zot:1    | Lost mutation: Your body sometimes deteriorates upon taking
                  | damage. [potion of mutation]
 51335 | Zot:1    | Gained mutation: You are strong-willed. (Will+) [potion of
                  | mutation]
 51336 | Zot:1    | Lost mutation: You are vulnerable to cold. (rC-) [potion of
                  | mutation]
 51336 | Zot:1    | Lost mutation: You passively map a small area around you.
                  | [potion of mutation]
 51336 | Zot:1    | Gained mutation: You are partially covered in iridescent
                  | scales. (AC +2) [potion of mutation]
 51336 | Zot:1    | Lost mutation: You are agile. (Dex +4, Str/Int -1) [potion
                  | of mutation]
 51336 | Zot:1    | Gained mutation: Your flesh is cold resistant. (rC+)
                  | [potion of mutation]
 51725 | Zot:1    | Identified the +6 long sword of Niem {flame, MP+9 Str-5
                  | SInv}
 52323 | Depths:4 | Upgraded the game from 0.31-a0-704-g1016066182 to
                  | 0.31-a0-716-gc7603755dd
 52609 | Slime:1  | Entered Level 1 of the Pits of Slime
 52637 | Slime:2  | Noticed Dissolution
 52644 | Slime:2  | Killed Dissolution
 52717 | Slime:4  | Gained mutation: Your spells are a little easier to cast,
                  | but a little less powerful. [a shining eye]
 52718 | Slime:4  | Gained mutation: You are very dopey. (Int -4) [a shining
                  | eye]
 52735 | Slime:5  | Entered Level 5 of the Pits of Slime
 52833 | Slime:5  | Noticed the Royal Jelly
 52866 | Slime:5  | Killed the Royal Jelly
 53105 | Slime:5  | Identified a scroll of acquirement
 53110 | Slime:5  | Got Sif Muna's Quarto of Percussion
 53130 | Slime:5  | Received a gift from Okawaru
 53136 | Slime:5  | Got the Book of Malisons
 53147 | Slime:5  | Acquired 875 gold pieces
 53223 | Slime:5  | Identified the +5 spear "Naygriy" {flame, Dex+3}
 53256 | Slime:5  | Gained mutation: You occasionally lose the ability to drink
                  | potions when taking damage. [a shining eye]
 53260 | Slime:5  | Gained mutation: You are clumsy. (Dex -2) [a shining eye]
 53316 | Slime:5  | Identified the +0 helmet of Perpetual Drought {rN+}
 53323 | Slime:5  | Got a slimy rune of Zot
 53324 | Slime:5  | Identified the ring of Joocsuph {rPois rN++ Will-}
 53347 | Slime:5  | Identified the +1 leather armour of Sif Muna's Outrage
                  | {Will+ Int+3}
 53454 | Slime:5  | Identified the +0 robe of the Goldsmith {Str+7}
 53764 | Lair:4   | Lost mutation: You frequently scream uncontrollably at your
                  | foes. [potion of mutation]
 53764 | Lair:4   | Lost mutation: Your flesh is cold resistant. (rC+) [potion
                  | of mutation]
 53764 | Lair:4   | Gained mutation: You sometimes lose the ability to drink
                  | potions when taking damage. [potion of mutation]
 53764 | Lair:4   | Gained mutation: Your flesh is cold resistant. (rC+)
                  | [potion of mutation]
 53765 | Lair:4   | Lost mutation: Your flesh is cold resistant. (rC+) [potion
                  | of mutation]
 53765 | Lair:4   | Lost mutation: You sometimes lose the ability to drink
                  | potions when taking damage. [potion of mutation]
 53765 | Lair:4   | Lost mutation: You are very dopey. (Int -4) [potion of
                  | mutation]
 54350 | Zot:2    | Identified the +3 ring mail "Gevupos" {Harm} (Okawaru
                  | gifted it to you on level 2 of the Realm of Zot)
 54350 | Zot:2    | Received a gift from Okawaru
 54500 | Zot:2    | Gained mutation: Your natural rate of healing is unusually
                  | fast. [hidden potential]
 54500 | Zot:2    | Lost mutation: You have hidden genetic potential. [hidden
                  | potential expressed]
 55721 | Zot:4    | Found the +4 dragonskin cloak
 55721 | Zot:4    | Noticed Tiamat
 55850 | Zot:4    | Killed Tiamat
 55862 | Zot:4    | Reached XP level 27. HP: 250/269 MP: 20/22
 56527 | Zot:5    | Entered Level 5 of the Realm of Zot
 56688 | Zot:5    | Received a gift from Okawaru
 57142 | Zot:5    | Noticed an orb of fire
 57143 | Zot:5    | Noticed an orb of fire
 57148 | Zot:5    | Noticed a dread lich
 57150 | Zot:5    | Gained mutation: You are very dopey. (Int -4) [an orb of
                  | fire]
 57154 | Zot:5    | Lost mutation: You expend magic power (3 MP) to strengthen
                  | your wands. [an orb of fire]
 57157 | Zot:5    | Killed an orb of fire
 57165 | Zot:5    | Noticed a dread lich
 57168 | Zot:5    | Gained mutation: You are very clumsy. (Dex -4) [an orb of
                  | fire]
 57174 | Zot:5    | Killed an orb of fire
 57174 | Zot:5    | Noticed an ancient lich
 57178 | Zot:5    | Killed a dread lich
 57318 | Zot:5    | Killed a dread lich
 57393 | Zot:5    | Killed an ancient lich
 57393 | Zot:5    | Identified the +0 hat "Huckov" {rC- Will+ Int+3 Slay+6}
                  | (Okawaru gifted it to you on level 5 of the Realm of Zot)
 57393 | Zot:5    | Received a gift from Okawaru
 57425 | Zot:5    | Noticed an ancient lich
 57439 | Zot:5    | Killed an ancient lich
 58062 | Zig:1    | Entered Level 1 of a ziggurat
 58062 | Zig:1    | Noticed Secask the pandemonium lord
 58074 | Zig:1    | Killed Secask the pandemonium lord
 58087 | Zig:2    | Entered Level 2 of a ziggurat
 58110 | Zig:3    | Entered Level 3 of a ziggurat
 58123 | Zig:3    | Identified the +3 leather armour "Muwagukh" {Harm}
 58139 | Zig:4    | Entered Level 4 of a ziggurat
 58139 | Zig:4    | Found the +8 frozen axe "Frostbite" {freeze, freezing
                  | cloud, *Noise Fly rC+}
 58157 | Zig:4    | Identified the ring of Cang {rN++ MP+9}
 58171 | Zig:5    | Entered Level 5 of a ziggurat
 58200 | Zig:5    | Lost mutation: You are very dopey. (Int -4) [potion of
                  | mutation]
 58200 | Zig:5    | Lost mutation: You are strong-willed. (Will+) [potion of
                  | mutation]
 58200 | Zig:5    | Gained mutation: Your body sometimes deteriorates upon
                  | taking damage. [potion of mutation]
 58217 | Zig:6    | Entered Level 6 of a ziggurat
 58234 | Zig:6    | HP: 12/271 [Ice Fiend (9)]
 58239 | Zig:6    | HP: 7/271 [Ice Fiend (5)]
 58239 | Zig:6    | HP: 3/271 [Ice Fiend (4)]
 58240 | Zig:6    | HP: 1/271 [Ice Fiend/bolt of cold (5)]
 58241 | Zig:6    | Killed from afar by an Ice Fiend

Illustrated notes

Levels and vault maps discovered:
D:1:      wheals_arrival_linesprint, layout_basic,
          wander_ebering_terrifying_dragon_lair
D:2:      layout_loops_ring, grunt_ministairs_15, grunt_decor_one_mirror,
          minivault_26, minmay_puff
D:3:      layout_rooms, mainiacjoe_overflow_cross_hatched, serial_forest,
          infiniplex_forest_end_2, infiniplex_forest_clump_small,
          infiniplex_forest_lined_room_2, infiniplex_forest_end_1,
          grunt_ministairs_7
D:4:      layout_gridville, overflow_temple_1_default,
          gammafunk_ghost_gnarly_gnolls, uniq_ijyb, uniq_robin, uniq_menkaure
D:5:      minmay_goblin_kobold_castle, layout_loops_cross, serial_shops,
          shop_coins, uniq_prince_ribbit1
D:6:      layout_loops_cross, nicolae_hepliaklqana_hazy_memory,
          amethyst_overflow_temple_binary, minmay_temple_entry_enclosed_plants,
          minmay_misc_feat_x
D:7:      layout_gridville
D:8:      layout_gridville, nicolae_letterblocks [nicolae_letter_subblock,
          nicolae_letter_subblock, nicolae_letter_subblock,
          nicolae_letter_subblock, nicolae_letter_subblock,
          nicolae_letter_subblock, nicolae_letter_subblock,
          nicolae_letter_subblock, nicolae_letter_subblock,
          nicolae_letter_subblock, nicolae_letter_subblock,
          nicolae_letter_subblock, nicolae_letter_subblock,
          nicolae_letter_subblock, nicolae_letter_subblock,
          nicolae_letter_subblock, nicolae_letter_subblock,
          nicolae_letter_subblock, nicolae_letter_subblock,
          nicolae_letter_subblock, nicolae_letter_subblock,
          nicolae_letter_subblock, nicolae_letter_subblock,
          nicolae_letter_subblock, nicolae_letter_subblock]
D:9:      layout_stronghold, mainiacjoe_overflow_alcove_4, serial_shops,
          nicolae_shop_drivethru, uniq_grum
D:10:     layout_basic, old_standard_altar, kennysheep_mini_moat,
          mainiacjoe_overflow_catwalk, nicolae_overflow_hidden_temple,
          grunt_lair_entry_orc_guard_hut, minmay_fountain_box
D:11:     layout_cave_pods, chequers_serial_rivers_micro_d
D:12:     layout_roguey, erik_orc_1, gauntlet_entry_generic,
          hangedman_misty_isle
D:13:     layout_big_octagon, lightli_vaults_fourway_checkpoint,
          minmay_evil_grid
D:14:     layout_rooms, uniq_roxanne
D:15:     gammafunk_depths_entry_grave, layout_cave_pools, uniq_agnes
Temple:   hellmonk_temple_of_storms
Lair:1:   layout_small_grid, dreamdust_wasp_nest, grunt_megastairs_1,
          infiniplex_staircase_pool_2
Lair:2:   layout_gridlike, eino_house_with_fridge
Lair:3:   layout_cave_pods, skrybe_swamp_entry_bodies, dummy_snake_entry,
          beast_lair_carwin_10, lemuel_fruit_tree, uniq_gastronok
Lair:4:   layout_loops_ring, nicolae_slime_entry_slimehenge,
          infiniplex_staircase_pool
Lair:5:   minmay_lair_end_enchanted_forest, layout_layer_cave, serial_forest,
          infiniplex_forest_clump_double, infiniplex_forest_end_2,
          infiniplex_forest_straight_3, infiniplex_forest_clump_tiny,
          infiniplex_forest_clump_small, infiniplex_forest_zigzag_1,
          infiniplex_forest_lined_3, uniq_nessos
Swamp:1:  layout_falls_marsh, nicolae_swamp_decorative_isthmus, uniq_donald
Swamp:2:  layout_basic_swamp, nicolae_swamp_triple_paths, swamp_pool5
Swamp:3:  layout_falls_marsh, hangedman_swamp_blocks, uniq_jorgrun
Swamp:4:  swamp, layout_basic_swamp, gammafunk_ghost_mausoleum, uniq_bai_suzhen,
          uniq_nikola
Snake:1:  layout_layer_cave, portal_ice_cave_entry_ice_statue_one, uniq_aizul,
          uniq_josephine, uniq_mlioglotl
Snake:2:  layout_misc_corridors, serial_shops, bzr_in_the_mist,
          serial_bayou_pond_d, nicolae_snake_lava_pool, uniq_azrael
Snake:3:  layout_onion, nicolae_snake_the_dead_are_slithering
Snake:4:  johnstein_snake_rune_scales, layout_grid_shapes,
          nicolae_specific_store, minmay_shop_enchanted_jewellery, st_stairs_13,
          serial_bayou_ford_a, hangedman_snake_thin_pillar_pass
Slime:1:  layout_caves
Slime:2:  layout_caves, dissolution_awaits
Slime:3:  layout_caves
Slime:4:  layout_caves
Slime:5:  slime_pit_nicolae_inversion
Orc:1:    layout_caves, serial_shops, nicolae_shop_rolling_square
Orc:2:    st_orc_congregation, layout_caves, uniq_saint_roka
Elf:1:    elf_arrival_002, layout_loops_cross, serial_shops,
          nicolae_shop_bloodbath_and_beyond, minivault_28, uniq_frances
Elf:2:    nicolae_elf_blades_splatter_lattice [infiniplex_blade_entry_pillars],
          layout_gridlike, minmay_misc_feat_ornament, minmay_shoptagon
Elf:3:    elf_hall_gauntlet_narrow, layout_loops_ring
Vaults:1: dpeg_vaults_monster_box, grunt_vaults_focal, v_misc_33,
          hangedman_vaults_stream, nicolae_vaults_wine_cellar,
          nicolae_vaults_apartment_2, v_alt_pattern_1, vaults_room_fancy_cross,
          nicolae_vaults_yaktaur_gun_rack, v_misc_27, layout_vaults_omnigrid,
          serial_shops, nicolae_shop_rolled_up
Vaults:2: vaults_room_ringed_pool, v_misc_26, v_misc_12,
          hangedman_vaults_slither, nicolae_vaults_trapezoid_1,
          hangedman_vaults_variations, nicolae_vaults_sealed_display,
          v_alt_pattern_1, ontoclasm_vaults_decontamination, layout_vaults_maze,
          serial_shops, nicolae_shop_tiny_statue_garden
Vaults:3: vaults_room_guarded_vault, v_pattern_2, nicolae_vaults_turnstiles,
          minmay_crypt_entry_necro_gods, v_misc_8, v_alt_pattern_1,
          nicolae_vaults_triangles, nicolae_vaults_hexular_roomagon, v_misc_12,
          nicolae_vaults_closet_pinwheel_3, ontoclasm_vaults_gateway,
          nicolae_vaults_asterisk, ontoclasm_vaults_twist, vaults_room_grid,
          hangedman_vaults_stretched_pinwheel, nicolae_vaults_storage_closets_3,
          nicolae_vaults_diagonal_hallway_7, layout_vaults_big_cross
Vaults:4: portal_desolation_entry_holy_temple, vaults_room_large_hall,
          vaults_dpeg_ring, vaults_room_boxed, v_misc_9, grunt_vaults_trifunnel,
          nicolae_vaults_frosty_reception, nicolae_vaults_tetromino_L_2,
          nicolae_vaults_prndl, nicolae_vaults_know_your_exits,
          nicolae_vaults_tetromino_Z_2, nicolae_vaults_variable_pillar_hall,
          nicolae_vaults_diamond_1, layout_vaults_ring, uniq_margery
Vaults:5: serial_shops, uniq_jory
Crypt:1:  layout_misc_corridors
Crypt:2:  layout_gridlike, infiniplex_enter_wizlab_water, hex_tiny,
          moated_statue, grunt_megastairs_2, lemuel_upstairs_altar
Crypt:3:  quadcrypt_mu
Depths:1: layout_gridlike, hell_entry, serial_bayou, serial_bayou_pond_b,
          serial_bayou_pond_e, serial_bayou_pond_c, serial_bayou_shore_b,
          drop_trap, st_stairs_2, nicolae_uskayaw_en_pointe
Depths:2: minmay_the_grid_square_5x5_4x4_mashed
          [minmay_the_grid_square_5x5_corner, minmay_the_grid_square_5x5_fat_x,
          minmay_the_grid_square_5x5_fancy_junction,
          minmay_the_grid_square_5x5_minibox,
          minmay_the_grid_square_5x5_one_wall,
          minmay_the_grid_square_5x5_prize_snowflake,
          minmay_the_grid_square_5x5_prize_junk,
          minmay_the_grid_square_5x5_shrine2, minmay_the_grid_square_5x5_seven,
          minmay_the_grid_square_5x5_prize_pseudospiral,
          minmay_the_grid_square_5x5_prize_waves,
          minmay_the_grid_square_5x5_almost_minimal,
          minmay_the_grid_square_5x5_sharp_hourglass,
          minmay_the_grid_square_5x5_comb, minmay_the_grid_square_5x5_mess,
          minmay_the_grid_square_5x5_z], layout_gridville,
          rand_demon_pan_entry_8, nicolae_hell_entry_big_baal_hell
Depths:3: minmay_containers, layout_basic, enter_ziggurat_d,
          grunt_hell_entry_demonic_statue, nicolae_wu_jian_wuxing_cycle,
          hangedman_abyss_entry_splay, serial_sigils,
          serial_sigils_hangedman_quiver, serial_sigils_hangedman_quiver,
          serial_sigils_hangedman_quiver
Depths:4: grunt_zot_entry_tricorne, layout_basic, serial_rivers,
          chequers_serial_rivers_micro_c, chequers_serial_rivers_small_b,
          chequers_serial_rivers_small_3, chequers_serial_rivers_small_b,
          pf_hell_entry_tar_spiral, serial_shops, shop, fedhas_altar_4,
          ebering_dispersal_statue_hall, minmay_shop_star, uniq_josephina
Zot:1:    ebering_greatest_show_in_zot, layout_basic
Zot:2:    infiniplex_zot_generator, layout_gridville, lemuel_baited_zot_trap
Zot:3:    lemuel_firehouse, layout_concentric_octagons
Zot:4:    kennysheep_ambush_hall, layout_misc_corridors, st_stairs_12,
          grunt_ministairs_12, nicolae_diode_quadrants, uniq_tiamat
Zot:5:    layout_basic, grunt_megastairs_4
Zig:6

Skill      XL: |  1  2  3  4  5  6  7  8  9 10 11 12 13 14 15 16 17 18 19 20 21 22 23 24 25 26 27 |
---------------+----------------------------------------------------------------------------------+-----
Dodging        | 1 2 3 4 5 6 8 9 10 12 13 14 15 16 17 18 19 20 21 22 23 24 | 24.7
Shields        | 4 5 6 7 8 9 11 12 13 14 16 17 18 19 20 21 22 23 24 25 26 | 26.8
Armour         | 4 5 6 7 8 9 11 12 13 14 16 17 18 19 20 21 22 23 24 25 26 | 26.9
Fighting       | 4 5 6 7 8 9 11 12 13 14 15 17 18 19 20 21 22 23 24 25 26 | 26.9
Axes           | 3 4 5 6 8 9 10 12 13 14 15 16 18 19 20 21 22 24 25 26 | 26.8

Action                     |  1- 3 |  4- 6 |  7- 9 | 10-12 | 13-15 | 16-18 | 19-21 | 22-24 | 25-27 || total
---------------------------+-------+-------+-------+-------+-------+-------+-------+-------+-------++-------
  Melee: War axe           |    88 |   103 |   286 |   372 |  1226 |   885 |       |       |       ||  2960
         Headbutt          |    12 |    22 |    49 |    89 |   301 |   454 |   334 |   548 |   596 ||  2405
         Broad axe         |       |       |       |       |       |   684 |  1077 |  1624 |  1386 ||  4771
         Lance             |       |       |       |       |       |       |       |       |   279 ||   279
  Throw: Throwing net      |       |       |       |       |     2 |       |       |       |       ||     2
 Invoke: Heroism           |       |       |       |     2 |     6 |     5 |     1 |     2 |     5 ||    21
  Evoke: Wand              |       |       |       |    13 |     3 |       |       |     4 |     1 ||    21
         Lightning rod     |       |       |       |       |       |       |     1 |     2 |       ||     3
    Use: Scroll            |     3 |     9 |    11 |     5 |     5 |     9 |     7 |    11 |    16 ||    76
         Potion            |       |       |     4 |     7 |     9 |     9 |     2 |     2 |    29 ||    62
   Stab: Confused          |       |       |       |     1 |       |     1 |       |       |     1 ||     3
         Petrified         |       |       |       |     7 |       |       |       |       |       ||     7
         Petrifying        |       |       |       |     1 |       |       |       |       |       ||     1
         Held in net/web   |       |       |       |       |     1 |       |       |       |       ||     1
         Invisible         |       |       |       |       |       |     3 |       |       |    21 ||    24
         Distracted        |       |       |       |       |       |     3 |       |       |       ||     3
 Armour: Scale mail        |    57 |    82 |   211 |   257 |       |       |       |       |       ||   607
         Plate armour      |       |       |       |   165 |   717 |   767 |   549 |   652 |  1032 ||  3882
  Dodge: Dodged            |    38 |    65 |   174 |   295 |   735 |   975 |   697 |   894 |  1331 ||  5204
  Block: Buckler           |    21 |    24 |    85 |   161 |   489 |   765 |   595 |   809 |   896 ||  3845

Table legend: (Time is in decaauts)
 A = Elapsed time spent in this place.
 B = Non-inter-level travel time spent in this place.
 C = Inter-level travel time spent in this place.
 D = Time resting spent in this place.
 E = Time spent auto-exploring this place.
 F = Levels seen in this place.
 G = Mean time per level.
                   A        B        C        D        E       F      G
               +--------+--------+--------+--------+--------+-----+--------+
         Total |  56775 |  52433 |   4342 |   2794 |  34563 |  69 |  822.8 |
       Dungeon |  13392 |  12003 |   1389 |    264 |   9009 |  15 |  892.8 |
        Temple |      1 |      1 |      0 |      0 |      0 |   1 |    1.0 |
          Lair |   5245 |   4573 |    672 |      0 |   3515 |   5 | 1049.0 |
         Swamp |   3142 |   3007 |    135 |     27 |   2116 |   4 |  785.5 |
     Snake Pit |   3871 |   3648 |    223 |     71 |   2294 |   4 |  967.8 |
    Slime Pits |   1074 |   1053 |     21 |     55 |    389 |   5 |  214.8 |
  Orcish Mines |   1571 |   1354 |    217 |     67 |    927 |   2 |  785.5 |
   Elven Halls |   2450 |   2233 |    217 |    150 |   1366 |   3 |  816.7 |
        Vaults |   7614 |   6997 |    617 |    684 |   4479 |   5 | 1522.8 |
         Crypt |   3537 |   3334 |    203 |    100 |   2144 |   3 | 1179.0 |
        Depths |   4653 |   4343 |    310 |    216 |   3035 |   4 | 1163.2 |
           Zot |   6233 |   5900 |    333 |    525 |   3702 |   5 | 1246.6 |
         Abyss |    962 |    962 |      0 |     77 |    544 |   2 |  481.0 |
      Ziggurat |    161 |    161 |      0 |     24 |      0 |   6 |   26.8 |
        Bazaar |    153 |    153 |      0 |      0 |     71 |   1 |  153.0 |
      Ice Cave |    863 |    863 |      0 |    308 |    285 |   1 |  863.0 |
        Wizlab |    460 |    460 |      0 |     72 |     99 |   1 |  460.0 |
    Desolation |    931 |    931 |      0 |     92 |    373 |   1 |  931.0 |
      Gauntlet |    455 |    455 |      0 |     59 |    212 |   1 |  455.0 |
               +--------+--------+--------+--------+--------+-----+--------+

Top non-repeatable levels by time:
Vaults:4: 2093 daAuts
 Crypt:3: 1883 daAuts
Vaults:5: 1648 daAuts
Depths:3: 1479 daAuts
  Lair:5: 1474 daAuts
Vaults:1: 1470 daAuts
 Snake:1: 1448 daAuts
   Zot:2: 1442 daAuts
Vaults:3: 1408 daAuts
Depths:4: 1361 daAuts
   Zot:3: 1289 daAuts
     D:5: 1270 daAuts
    D:10: 1254 daAuts
     D:9: 1214 daAuts
   Zot:4: 1201 daAuts
